details: '3 leavers each side stupid tps early cost me game'

« prev index next »

General information

Mini Map

Players

team 1
Random» UndeadGreazK. (red | 69 APM | 2127 actions | 31:02)
Hero icon 5 Death Knight
Ability icon 3 Death Coil
Ability icon 2 Unholy Aura
Hero icon 6 Mountain King
Ability icon 2 Storm Bolt
Ability icon 2 Bash
Ability icon 1 Avatar
Ability icon 1 Thunder Clap
Hero icon 1 Keeper of the Grove
Ability icon 1 Entangling Roots
Hero icon 4 Priestess of the Moon
Ability icon 2 Searing Arrows
Ability icon 1 Trueshot Aura
Ability icon 1 Starfall

» actions
Assign group hotkey23
Build / train198
Enter build submenu59
Enter hero's abilities submenu16
Give item / drop item5
Remove unit from queue1
Right click1004
Select / deselect564
Select group hotkey123
Use ability134
2127 total
» units
Acolyte2
Peasant8
Ghoul4
Wisp7
Druid of the Talon8
Mortar Team5
Dryad5
Knight8
Chimaera16
Flying Machine50
Hippogryph23
136 total
» upgrades
Strength of the Wild3
Reinforced Hides2
Fragmentation Shards1
Flying Machine Bombs1
Flak Cannons1
Plating2
Corrosive Breath1
11 total
» buildings
Crypt1
Altar of Darkness1
Ziggurat1
Graveyard1
Farm14
Hunter's Hall3
Tree of Ages4
Moon Well9
Keep2
Lumber Mill1
Blacksmith1
Tree of Eternity1
Ancient of Wind1
Workshop2
Ancient of Lore2
Ancient Protector10
Castle1
Chimaera Roost2
Town Hall1
Tree of Life1
59 total
» build order
00:14 Crypt
00:19 Altar of Darkness
00:33 Ziggurat
00:51 Graveyard
01:43 Farm
02:02 Hunter's Hall
02:11 Tree of Ages
02:17 Moon Well
02:19 Moon Well
02:21 Moon Well
02:24 Tree of Ages
02:51 Keep
02:51 Keep
02:54 Lumber Mill
03:02 Blacksmith
03:15 Hunter's Hall
03:20 Moon Well
03:36 Hunter's Hall
04:00 Farm
04:05 Moon Well
04:07 Moon Well
04:52 Tree of Eternity
04:56 Ancient of Wind
05:05 Farm
05:07 Farm
05:17 Workshop
05:20 Workshop
05:24 Farm
05:32 Ancient of Lore
05:34 Ancient of Lore
06:11 Ancient Protector
06:11 Ancient Protector
06:13 Ancient Protector
06:17 Ancient Protector
06:18 Ancient Protector
06:22 Ancient Protector
06:23 Ancient Protector
06:24 Ancient Protector
06:25 Ancient Protector
06:27 Ancient Protector
06:47 Castle
08:07 Chimaera Roost
08:08 Chimaera Roost
10:05 Farm
10:06 Farm
10:14 Moon Well
10:24 Moon Well
10:33 Farm
10:34 Farm
11:16 Farm
11:17 Farm
12:53 Moon Well
14:46 Farm
14:47 Farm
21:30 Farm
29:41 Town Hall
29:57 Tree of Life
» items
Scroll of Healing6
Scroll of Protection3
Potion of Lesser Invulnerability2
Scroll of Town Portal1
12 total
Random» NightElfcrapzilllaaaa (teal | 39 APM | 30 actions | 00:45)

» actions
Build / train9
Enter build submenu2
Right click5
Select / deselect11
Use ability3
30 total
» units
Wisp9
9 total
» buildings
Moon Well1
Altar of Elders1
2 total
» build order
00:25 Moon Well
00:40 Altar of Elders
Humanpumpanddump (orange | 152 APM | 125 actions | 00:49)

» actions
Assign group hotkey9
Build / train4
Enter build submenu3
Right click96
Select / deselect9
Select group hotkey1
Use ability3
125 total
» units
Peasant4
4 total
» buildings
Altar of Kings1
Farm1
Barracks1
3 total
» build order
00:11 Altar of Kings
00:15 Farm
00:24 Barracks
Random» NightElfca1lm3QTE (green | 32 APM | 34 actions | 01:03)

» actions
Basic commands5
Build / train5
Enter build submenu2
Right click5
Select / deselect13
Use ability4
34 total
» units
Wisp5
5 total
» buildings
Moon Well1
Altar of Elders1
2 total
» build order
00:17 Moon Well
00:27 Altar of Elders
team 2
Random» NightElfSmallFry (yellow | 21 APM | 21 actions | 01:00)

» actions
Build / train4
Enter build submenu1
Right click5
Select / deselect7
Use ability4
21 total
» units
Wisp4
4 total
» buildings
Moon Well1
1 total
» build order
00:22 Moon Well
Random» OrcMichigansucks (purple | 29 APM | 20 actions | 00:41)

» actions
Basic commands1
Build / train4
Enter build submenu2
Right click4
Select / deselect7
Use ability2
20 total
» units
Peon4
4 total
» buildings
Orc Burrow1
Altar of Storms1
2 total
» build order
00:13 Orc Burrow
00:21 Altar of Storms
Random» NightElfmynameisDonald (blue | 16 APM | 19 actions | 01:09)

» actions
Build / train4
Enter build submenu2
Right click2
Select / deselect9
Use ability2
19 total
» units
Wisp4
4 total
» buildings
Moon Well1
Altar of Elders1
2 total
» build order
00:26 Moon Well
00:43 Altar of Elders
OrcDepressedMoper (pink | 79 APM | 2451 actions | 31:02)
Hero icon 6 Blademaster
Ability icon 3 Wind Walk
Ability icon 3 Critical Strike
Hero icon 8 Priestess of the Moon
Ability icon 3 Scout
Ability icon 3 Trueshot Aura
Ability icon 1 Starfall
Ability icon 1 Searing Arrows
Hero icon 3 Keeper of the Grove
Ability icon 1 Thorns Aura
Ability icon 2 Entangling Roots

» actions
Assign group hotkey25
Basic commands82
Build / train182
Enter build submenu71
Enter hero's abilities submenu19
Remove unit from queue3
Right click874
Select / deselect737
Select group hotkey250
Use ability208
2451 total
» units
Peon13
Wisp17
Archer29
Grunt11
Troll Batrider16
Wind Rider4
Hippogryph10
Chimaera7
Goblin Shredder1
108 total
» upgrades
Improved Bows2
Strength of the Moon5
Moon Armor5
Berserker Strength1
Well Spring1
Liquid Fire1
Ranged Weapons2
Armor1
Reinforced Defenses2
Corrosive Breath1
Strength of the Wild2
Reinforced Hides2
25 total
» buildings
Orc Burrow10
Altar of Storms2
Moon Well9
Altar of Elders2
Barracks3
Ancient of War4
Hunter's Hall2
Tree of Ages2
Stronghold2
War Mill2
Tree of Eternity1
Beastiary5
Fortress1
Voodoo Lounge2
Ancient of Wind4
Tree of Life5
Chimaera Roost3
Watch Tower8
Great Hall2
69 total
» build order
00:32 Orc Burrow
00:35 Orc Burrow
00:37 Orc Burrow
01:28 Altar of Storms
01:38 Moon Well
01:44 Altar of Elders
01:52 Barracks
02:31 Orc Burrow
02:40 Ancient of War
02:43 Ancient of War
02:55 Hunter's Hall
03:02 Ancient of War
03:05 Hunter's Hall
03:09 Moon Well
03:13 Barracks
03:15 Orc Burrow
03:18 Barracks
03:58 Ancient of War
04:18 Moon Well
04:21 Tree of Ages
04:29 Orc Burrow
04:33 Tree of Ages
04:36 Moon Well
04:38 Altar of Elders
06:03 Stronghold
06:36 Stronghold
06:37 Orc Burrow
06:38 Orc Burrow
06:43 Orc Burrow
06:45 War Mill
07:08 Tree of Eternity
09:43 Beastiary
09:43 Beastiary
10:22 Beastiary
10:27 Beastiary
11:22 Fortress
11:25 Voodoo Lounge
12:09 Voodoo Lounge
12:39 Ancient of Wind
12:42 Ancient of Wind
13:24 War Mill
15:13 Tree of Life
15:26 Chimaera Roost
15:27 Chimaera Roost
15:27 Chimaera Roost
15:48 Moon Well
15:48 Moon Well
15:49 Moon Well
15:49 Moon Well
15:53 Moon Well
17:17 Ancient of Wind
17:17 Ancient of Wind
18:52 Watch Tower
18:53 Watch Tower
18:53 Watch Tower
18:53 Watch Tower
18:54 Watch Tower
18:55 Watch Tower
22:46 Orc Burrow
24:12 Tree of Life
27:50 Great Hall
29:06 Altar of Storms
29:22 Tree of Life
29:26 Tree of Life
30:10 Great Hall
30:15 Watch Tower
30:15 Watch Tower
30:30 Tree of Life
» items
Scroll of Town Portal1
Staff of Teleportation1
Potion of Lesser Invulnerability1
Boots of Speed1
4 total

Chat log

(00:45 / Allies) SmallFry: well some kids just are losers
(00:48 / All) SmallFry: pinks a loser
(00:55 / All) SmallFry: some kids just born taht way like pink
(00:57 / All) SmallFry: tked

(27:11 / All) GreazK.: Gg
(27:18 / All) DepressedMoper: you got super ufkcing lucky a few times lawl
(27:24 / All) DepressedMoper: where I couldn't locate my bats